 Dungeon Crawl Stone Soup version 0.19.1-1-g22dce08 (webtiles) character file.

4636 Lennu the Carver (level 10, -3/79 HPs)
             Began as a Formicid Monk on Jan 3, 2017.
             Was a Believer of Makhleb.
             Slain by a manticore (15 damage)
             ... on level 8 of the Dungeon.
             The game lasted 00:54:28 (9457 turns).

Lennu the Carver (Formicid Monk)                    Turns: 9457, Time: 00:54:29

Health: -3/79      AC: 12    Str: 17    XL:     10   Next: 70%
Magic:  11/11      EV: 14    Int: 10    God:    Makhleb [**....]
Gold:   286        SH:  0    Dex: 15    Spells: 0 memorised, 9 levels left

rFire  + . .     SeeInvis +     o - +4 great sword
rCold  . . .     Gourm    .     v - +4 ring mail {rF+}
rNeg   . . .     Faith    .     (no shield)
rPois  .         Spirit   .     (helmet unavailable)
rElec  .         Reflect  .     (no cloak)
rCorr  .         Harm     .     x - +0 pair of gloves
MR     +....                    b - +0 pair of boots
Stlth  ++........               (no amulet)
                                h - ring of see invisible
                                n - ring of flight

@: no status effects
A: permanent stasis, dig shafts and tunnels, four strong arms, antennae 3
a: Dig, Shaft Self, Minor Destruction, Renounce Religion, Evoke Flight


You were on level 8 of the Dungeon.
You worshipped Makhleb.
Makhleb was pleased with you.
You were not hungry.

You visited 2 branches of the dungeon, and saw 9 of its levels.

You collected 286 gold pieces.

Inventory:

Hand Weapons
 a - a +0 falchion
 o - a +4 great sword (weapon)
 t - a +0 long sword
Missiles
 j - 3 silver tomahawks (quivered)
 s - 3 tomahawks
 u - 4 javelins
Armour
 b - a +0 pair of boots (worn)
 k - a +0 leather armour
 m - a +0 leather armour of fire resistance
 v - a +4 ring mail of fire resistance (worn)
 x - a +0 pair of gloves (worn)
Jewellery
 h - a ring of see invisible (right hand)
 n - a ring of flight (left hand)
Wands
 q - a wand of slowing (20/48)
 w - a wand of acid (9/15)
Scrolls
 i - a scroll of blinking
 r - 10 scrolls of remove curse
Potions
 d - a potion of degeneration
 e - 2 potions of heal wounds {unknown}
 f - a potion of curing
 l - a potion of flight
 p - a potion of might
 A - 2 potions of mutation {unknown}
Comestibles
 c - 3 bread rations
 g - 12 fruits
 z - 8 chunks of flesh


   Skills:
 * Level 7.2 Fighting
 * Level 11.3 Long Blades
 * Level 5.7 Armour
 * Level 5.5 Dodging
 + Level 3.9 Stealth
 * Level 2.5 Invocations


You had 9 spell levels left.
You didn't know any spells.

Dungeon Overview and Level Annotations

Branches:
Dungeon (8/15)             Temple (1/1) D:7
   Lair: D:8-11

Altars:
Ashenzari
Cheibriados
Dithmenos
Elyvilon
Fedhas
Gozag
Hepliaklqana
Kikubaaqudgha
Makhleb
Nemelex Xobeh
Okawaru
Qazlal
Ru
Sif Muna
Trog
Uskayaw
Xom
Yredelemnul
Zin
The Shining One

Shops:
D:5 }

Annotations:
D:8 1 runed door


Innate Abilities, Weirdness & Mutations

You are under a permanent stasis effect.
You can dig through walls and to a lower floor.
Your four strong arms can wield two-handed weapons with a shield.
You have a pair of large antennae on your head. (SInv)


Message History

The manticore bites you! The manticore closely misses you. x2
You barely miss the manticore.
The manticore is heavily wounded.
The manticore completely misses you. The manticore claws you.
The manticore claws you but does no damage.
You hit the manticore but do no damage.
The manticore is heavily wounded.
The manticore completely misses you. The manticore closely misses you.
The manticore claws you. The manticore bites you!
The manticore closely misses you.
The manticore claws you but does no damage.
You slash the manticore!
The manticore is severely wounded.
The manticore bites you!
* * * LOW HITPOINT WARNING * * *
The manticore barely misses you. The manticore closely misses you.
You slash the manticore!
The manticore is almost dead.
The manticore bites you!
You die...

# { #..#.......#..####.# # {
#.......#.## #.# # {
###+##......### #.### # #
+....##.(....## #...#### #
.H...8##)##...## ###.##.. +
#......#..##...# #..#..
#......##..##.†## ##.... #
#8....{##.####.# #.... #
#....(#@..###.# #.?.. # {
##+###H....##.######÷.## ###
#.......#........... ..#
#.......#######.###. #.#
#.......#######..... ..# {
##.....##.?..##..... .##
##...##.....##.####
.###################......##.#
#
..........†...(..............#


You could see a manticore.

Vanquished Creatures
  Pikel (D:4)
  Joseph (D:7)
  Prince Ribbit (D:6)
  The ghost of M4edhros the Sneak, an amateur OpAr of Xom (D:4)
  A hippogriff (D:8)
  Grum (D:8)
  An orc warrior (D:8)
  A black bear (D:8)
  An ice beast (D:6)
  A phantom (D:8)
  4 ogres
  4 wolves (D:8)
  6 centaurs
  A big kobold (D:8)
  2 bullfrogs
  Blork the orc (D:4)
  4 killer bees (D:8)
  4 scorpions
  2 howler monkeys
  4 crimson imps
  2 hounds
  A jelly (D:5)
  A bullfrog skeleton (D:5)
  An orc priest (D:5)
  8 orc wizards
  2 iguanas
  A centaur skeleton (D:6)
  Terence (D:3)
  Natasha (twice) (D:4)
  6 worker ants
  A howler monkey zombie (D:7)
  5 adders
  3 shadow imps
  An ooze (D:1)
  2 adder zombies
  3 adder skeletons
  A worm (D:3)
  2 dart slugs
  7 leopard geckos
  13 orcs
  4 giant cockroaches
  7 goblins
  4 hobgoblins
  6 jackals
  7 kobolds
  2 quokkas
  A ball python (D:4)
  7 bats
  8 frilled lizards
  A leopard gecko zombie (D:6)
  8 rats
  A spectral orc (D:2)
161 creatures vanquished.

Vanquished Creatures (others)
  Menkaure (D:4)
  2 slaves (D:4)
  An ogre (D:4)
  A centaur skeleton (D:4)
  Natasha (D:4)
  An adder (D:4)
  A leopard gecko (D:4)
  An orc (D:4)
  2 giant cockroaches (D:4)
  A quokka (D:5)
12 creatures vanquished.

Grand Total: 173 creatures vanquished

Notes
Turn   | Place    | Note
-------+----------+-------------------------------------------
     0 | D:1      | Lennu the Formicid Monk began the quest for the Orb.
     0 | D:1      | Reached XP level 1. HP: 18/18 MP: 1/1
   145 | D:1      | Reached XP level 2. HP: 24/24 MP: 2/2
   733 | D:1      | Reached XP level 3. HP: 14/29 MP: 3/3
  1310 | D:2      | Found a stormy altar of Qazlal.
  1474 | D:2      | You fall through a shaft!
  1684 | D:2      | Found a faded altar of an unknown god.
  1684 | D:2      | Found a faded altar of an unknown god.
  1695 | D:2      | Found a sacrificial altar of Ru.
  1697 | D:2      | Found a faded altar of an unknown god.
  1698 | D:2      | Found an ancient bone altar of Kikubaaqudgha.
  1869 | D:2      | Found a shadowy altar of Dithmenos.
  1896 | D:2      | Found a glowing golden altar of the Shining One.
  1974 | D:2      | Found a basalt altar of Yredelemnul.
  1989 | D:2      | Reached XP level 4. HP: 37/37 MP: 4/4
  2504 | D:3      | Reached skill level 1 in Armour
  2829 | D:3      | Reached skill level 4 in Long Blades
  2829 | D:3      | Reached XP level 5. HP: 38/42 MP: 5/5
  2876 | D:3      | Noticed Terence
  2887 | D:3      | Killed Terence
  3140 | D:4      | Noticed Natasha
  3146 | D:4      | Killed Natasha
  3162 | D:4      | Noticed Natasha
  3165 | D:4      | Killed Natasha
  3165 | D:4      | Reached XP level 6. HP: 48/48 MP: 6/6
  3173 | D:4      | Noticed Blork the orc
  3178 | D:4      | Killed Blork the orc
  3195 | D:4      | Reached skill level 5 in Long Blades
  3486 | D:4      | Noticed M4edhros's ghost (amateur OpAr)
  3705 | D:4      | Noticed an ogre
  3714 | D:4      | Killed an ogre
  3714 | D:4      | Reached XP level 7. HP: 32/55 MP: 7/7
  3862 | D:4      | Noticed Pikel
  3888 | D:4      | Killed Pikel
  3888 | D:4      | Reached skill level 5 in Fighting
  3888 | D:4      | Reached skill level 6 in Long Blades
  3888 | D:4      | Reached XP level 8. HP: 6/62 MP: 8/8
  4286 | D:4      | Killed Natasha
  4492 | D:4      | Killed Menkaure
  4519 | D:4      | Killed M4edhros's ghost
  4519 | D:4      | Reached skill level 7 in Long Blades
  4906 | D:5      | Entered Level 5 of the Dungeon
  4942 | D:5      | Found Ywos's Gadget Emporium.
  5144 | D:5      | Found a deep blue altar of Sif Muna.
  5355 | D:5      | Reached XP level 9. HP: 68/68 MP: 9/9
  5572 | D:5      | Reached skill level 8 in Long Blades
  5685 | D:5      | Found a white marble altar of Elyvilon.
  5745 | D:5      | Found an opulent altar of Gozag.
  6489 | D:6      | Found a sand-covered staircase.
  6593 | D:6      | Noticed Prince Ribbit
  6609 | D:6      | Killed Prince Ribbit
  6609 | D:6      | Reached skill level 9 in Long Blades
  6687 | D:6      | Reached skill level 5 in Armour
  7340 | D:7      | Noticed Joseph
  7357 | D:7      | Killed Joseph
  7357 | D:7      | Reached skill level 5 in Dodging
  7650 | D:7      | Reached skill level 10 in Long Blades
  7650 | D:7      | Reached XP level 10. HP: 72/77 MP: 10/10
  7878 | D:7      | Found a staircase to the Ecumenical Temple.
  7912 | D:7      | Found a bloodstained altar of Trog.
  7959 | Temple   | Entered the Ecumenical Temple
  8024 | Temple   | Became a worshipper of Makhleb the Destroyer
  8024 | Temple   | Reached * piety under Makhleb
  8024 | Temple   | Reached ** piety under Makhleb
  8736 | D:8      | Reached skill level 1 in Invocations
  8746 | D:8      | Found a runed door.
  8804 | D:8      | Found a sparkling altar of Nemelex Xobeh.
  8871 | D:8      | Noticed Grum
  8936 | D:8      | Killed Grum
  9054 | D:8      | Found a burning altar of Makhleb.
  9070 | D:8      | Reached skill level 11 in Long Blades
  9171 | D:8      | Found a runed door.
  9430 | D:8      | Noticed a manticore
  9457 | D:8      | Slain by a manticore

Skill      XL: |  1  2  3  4  5  6  7  8  9 10 |
---------------+-------------------------------+-----
Dodging        | 3 4 5 |  5.5
Armour         | 1 2 3 4 5 |  5.7
Stealth        | 3 |  3.9
Fighting       | 4 5 6 7 |  7.2
Long Blades    | 4 5 6 7 10 11 | 11.3
Invocations    | 2 |  2.5

Action                   |  1- 3 |  4- 6 |  7- 9 | 10-12 || total
-------------------------+-------+-------+-------+-------++-------
Melee: Falchion          |    85 |       |       |       ||    85
       Great sword       |    13 |    71 |   168 |   145 ||   397
Throw: Tomahawk          |       |    14 |    19 |     5 ||    38
 Abil: Dig               |       |       |     3 |       ||     3
       Evoke Flight      |       |       |     1 |       ||     1
  Use: Scroll            |     4 |     4 |     5 |     3 ||    16
       Potion            |       |       |     6 |       ||     6
 Stab: Sleeping          |     4 |     4 |     4 |       ||    12
       Distracted        |     1 |       |       |       ||     1
  Eat: Chunk             |     3 |     5 |     4 |     2 ||    14
       Pizza             |       |     1 |     1 |       ||     2
       Meat ration       |       |       |     1 |       ||     1
       Beef jerky        |       |       |     1 |       ||     1
       Bread ration      |       |       |       |     1 ||     1
Armor: Robe              |    13 |       |       |       ||    13
       Leather armour    |     1 |     7 |       |       ||     8
       Ring mail         |       |    19 |    89 |    77 ||   185
Dodge: Dodged            |    65 |    43 |   150 |   133 ||   391
       Rpst.: Falchion   |    23 |       |       |       ||    23
       Great sword       |     4 |    19 |    45 |    29 ||    97
